 Dungeon Crawl Stone Soup version 0.27-a0-223-ge082b6e869 (webtiles) character file.

Game seed: 9856438066688703885

43 sahdkjhfkaj the Magician (level 3, -4/19 HPs)
             Began as a Deep Elf Hedge Wizard on Feb 1, 2021.
             Slain by a thrashing horror (15 damage)
             ... on level 1 of the Abyss.
             The game lasted 00:02:40 (1908 turns).

sahdkjhfkaj the Magician (Deep Elf Hedge Wizard)    Turns: 1908, Time: 00:02:40

Health: -4/19      AC:  2    Str:  7    XL:     3   Next: 37%
Magic:  12/12      EV: 13    Int: 19    God:
Gold:   65         SH:  0    Dex: 14    Spells: 11/14 levels left

rFire    . . .     SeeInvis .   a - +0 dagger (protect)
rCold    . . .     Faith    .   (no shield)
rNeg     . . .     Spirit   .   b - +0 robe
rPois    .         Reflect  .   c - +0 hat
rElec    .         Harm     .   (no cloak)
rCorr    .         Rampage  .   (no gloves)
Will     .....                  (no boots)
Stlth    ++........             (no amulet)
HPRegen  0.06/turn              (no ring)
MPRegen  0.13/turn              (no ring)

@: no status effects
A: no striking features
a: no special abilities


You were on level 1 of the Abyss.
You visited 1 branch of the dungeon, and saw 2 of its levels.
You visited the Abyss 1 time.

You collected 65 gold pieces.

Inventory:

Hand Weapons
 a - a +0 dagger of protection (weapon)
   (You found it on level 2 of the Dungeon)
Armour
 b - a +0 robe (worn)
 c - a +0 hat (worn)
Scrolls
 e - a scroll of random uselessness {unknown}
 f - 2 scrolls of amnesia {unknown}
 g - a scroll of enchant armour {unknown}
 j - a scroll of identify {unknown}
Potions
 d - 2 potions of ambrosia {unknown}
 h - 2 potions of heal wounds {unknown}
 i - a potion of degeneration {unknown}


   Skills:
 - Level 2.4 Dodging
 - Level 2.4 Stealth
 + Level 6.2 Spellcasting
 - Level 1.1 Conjurations
 - Level 1.1 Summonings
 - Level 1.1 Translocations


You had 11 spell levels left.
You knew the following spells:

 Your Spells              Type           Power        Failure   Level
a - Magic Dart            Conj           40%          7%          1
b - Blink                 Tloc           N/A          11%         2

Your spell library contained the following spells:

 Spells                   Type           Power        Failure   Level
 Call Imp                 Summ           10%          11%         2
 Slow                     Hex            5%           17%         2
 Conjure Flame            Conj/Fire      8%           26%         3
 Mephitic Cloud           Conj/Pois/Air  7%           28%         3


Dungeon Overview and Level Annotations

Branches:
Dungeon (2/15)

Altars:

Annotations:
D:2 Terence


Message History

You climb upwards.
There is a stone staircase leading down here.
You miscast Magic Dart.
Nothing appears to happen.
The giant cockroach closely misses you.
The magic dart hits the giant cockroach.
The giant cockroach barely misses you.
The magic dart hits the giant cockroach.
The giant cockroach barely misses you.
The giant cockroach bites you but does no damage.
The magic dart hits the giant cockroach.
You kill the giant cockroach!
You can't see any susceptible monsters within range! (Use Z to cast anyway.)
You can't see any susceptible monsters within range! (Use Z to cast anyway.)
You can't see any susceptible monsters within range! (Use Z to cast anyway.)
Your magical contamination has completely faded away.
Done exploring.
(D) Dungeon
Where to? (Enter - D:2, ? - help)
You climb downwards.
Level annotation: Terence Terence barely misses you.
There is a stone staircase leading up here.
Terence is nearby!
Okay, then.
Unknown command.
You hit Terence.
Your weapon exudes an aura of protection.
Terence hits you but does no damage. Space bends around you.
Terence says, "Did you write a will?
You should..."
There is a stone staircase leading up here.
Terence shouts, "Now you die!"
Terence says, "Rest in peace."
There is a stone staircase leading up here.
The magic dart hits Terence but does no damage.
Terence hits you with a +0 falchion of distortion.
You are cast into the Abyss!
To return, you must find a gate leading back.
Killing monsters will force the Abyss to allow you passage.
This branch contains the abyssal rune of Zot.
You start resting.
You start resting.
A thrashing horror comes into view.
Found a scale mail.
The thrashing horror completely misses you.
The thrashing horror misses you. The thrashing horror barely misses you.
The thrashing horror tramples you.
You stumble backwards!
The thrashing horror tramples you!
Ouch! That really hurt!
You die...

## #.# ..##
#.# ..# #.[
#.###.#
#.#.#
.......#.#
..#..#.#.#
#.##
#.#X######.
.#
#.#@.......
#.#....##..
#......#
..##.....
.##........
## #.##...
.# #.. .#
..


You could see a thrashing horror.

Vanquished Creatures
  A dart slug (D:1)
  A leopard gecko (D:1)
  6 giant cockroaches
  5 goblins
  7 hobgoblins (D:1)
  4 bats
  A frilled lizard (D:1)
  6 kobolds (D:1)
  4 rats
35 creatures vanquished.

Notes
Turn   | Place    | Note
-------+----------+-------------------------------------------
     0 | D:1      | sahdkjhfkaj the Deep Elf Hedge Wizard began the quest for
                  | the Orb.
     0 | D:1      | Reached XP level 1. HP: 10/10 MP: 7/7
   499 | D:1      | Reached skill level 5 in Spellcasting
   519 | D:1      | Reached XP level 2. HP: 8/15 MP: 0/10
   693 | D:1      | Learned a level 2 spell: Blink
  1241 | D:1      | Reached XP level 3. HP: 19/19 MP: 6/12
  1245 | D:1      | Reached skill level 6 in Spellcasting
  1716 | D:2      | Found a faded altar of an unknown god.
  1716 | D:2      | Noticed Terence
  1855 | D:2      | Cast into level 1 of the Abyss (Terence)
  1905 | Abyss:1  | Noticed a thrashing horror
  1908 | Abyss:1  | Slain by a thrashing horror

Illustrated notes

Levels and vault maps discovered:
D:1:      amcnicky_arrival_feature_with_door, layout_basic
D:2:      layout_loops_ring, chequers_ecumenical_altar_simple_redux,
          uniq_crazy_yiuf_cottage, uniq_terence
Abyss:1:  base:
Temple

Skill      XL: |  1  2  3 |
---------------+----------+-----
Spellcasting   | 5 6 |  6.2
Dodging        | |  2.4
Stealth        | |  2.4
Conjurations   | |  1.1
Summonings     | |  1.1
Translocations | |  1.1

Action                   || total
-------------------------++-------
Melee: Dagger            ||    14
 Cast: Magic Dart        ||   112
Armor: Robe              ||    12
Dodge: Dodged            ||    31

Table legend: (Time is in decaauts)
 A = Elapsed time spent in this place.
 B = Non-inter-level travel time spent in this place.
 C = Inter-level travel time spent in this place.
 D = Time resting spent in this place.
 E = Time spent auto-exploring this place.
 F = Levels seen in this place.
 G = Mean time per level.
                   A        B        C        D        E       F      G
               +--------+--------+--------+--------+--------+-----+--------+
         Total |   1907 |   1888 |     19 |     57 |   1563 |   3 |  635.7 |
       Dungeon |   1855 |   1836 |     19 |      7 |   1563 |   2 |  927.5 |
         Abyss |     52 |     52 |      0 |     50 |      0 |   1 |   52.0 |
               +--------+--------+--------+--------+--------+-----+--------+

Top non-repeatable levels by time:
     D:1: 1662 daAuts
     D:2: 192 daAuts
 Abyss:1: 52 daAuts
